 Dungeon Crawl Stone Soup version 0.20.1-1-g8b1a95d66d (webtiles) character file.

90 HessuHobo the Firebug (level 4, -2/24 HPs)
             Began as a Gargoyle Fire Elementalist on Nov 18, 2017.
             Slain by Sigmund
             ... wielding a +4 scythe of venom
              (5 damage)
             ... on level 2 of the Dungeon.
             The game lasted 00:07:44 (2415 turns).

HessuHobo the Firebug (Gargoyle Fire Elementalist)  Turns: 2415, Time: 00:07:44

Health: -2/24      AC:  6    Str: 11    XL:     4   Next: 56%
Magic:  1/7        EV: 12    Int: 17    God:
Gold:   93         SH:  0    Dex: 10    Spells: 4/7 levels left

rFire    . . .     SeeInvis .   f - +0 short sword
rCold    . . .     Gourm    .   (no shield)
rNeg     + . .     Faith    .   a - +0 robe
rPois    ∞         Spirit   .   d - +0 helmet
rElec    +         Reflect  .   (no cloak)
rCorr    .         Harm     .   (no gloves)
MR       .....                  (no boots)
Stlth    ++........             (no amulet)
Regen    0.1/turn               (no ring)
MPRegen  0.1/turn               (no ring)

@: no status effects
A: negative energy resistance 1, electricity resistance, unbreathing,
petrification resistance, rot immunity, AC +3
a: no special abilities


You were on level 2 of the Dungeon.
You were not hungry.

You visited 1 branch of the dungeon, and saw 2 of its levels.

You collected 93 gold pieces.

Inventory:

Hand Weapons
 f - a +0 short sword (weapon)
 j - a +2 hand axe of flaming
Armour
 a - a +0 robe (worn)
 d - a +0 helmet (worn)
Jewellery
 g - a cursed ring of teleportation {unknown}
Potions
 e - a potion of brilliance {unknown}
 h - a potion of heal wounds {unknown}
 i - 3 potions of haste
 k - 2 potions of degeneration {unknown}
Books
 b - a book of Flames

   Spells                             Type                      Level
   a - Flame Tongue                   Conjuration/Fire             1
   b - Throw Flame                    Conjuration/Fire             2
   c - Conjure Flame                  Conjuration/Fire             3
   d - Inner Flame                    Hexes/Fire                   3
   e - Sticky Flame                   Conjuration/Fire             4
   f - Fireball                       Conjuration/Fire             5


   Skills:
 + Level 0.9 Fighting
 + Level 1.3 Short Blades
 + Level 2.1 Dodging
 - Level 2.1 Stealth
 + Level 2.4 Spellcasting
 + Level 1.8 Conjurations
 + Level 3.7 Fire Magic


You had 4 spell levels left.
You knew the following spells:

 Your Spells              Type           Power        Failure   Level  Hunger
a - Flame Tongue          Conj/Fire      ##...        6%          1    #......
b - Throw Flame           Conj/Fire      ##....       9%          2    ##.....


Dungeon Overview and Level Annotations

Branches:
Dungeon (2/15)

Altars:

Annotations:
D:2 3 exclusions, Sigmund


Innate Abilities, Weirdness & Mutations

You are resistant to torment.
Your stone body is resilient. (AC +3)
You are immune to poison.
You resist negative energy. (rN+)
You are resistant to electric shocks. (rElec)
You can survive without breathing.
You are immune to petrification.
You are immune to rotting.


Message History

You're too confused to cast spells.
You're too confused!
Unknown command.
You're too confused to cast spells.
You're too confused!
Unknown command.
You closely miss Sigmund.
Sigmund is severely wounded.
Sigmund hits you with a scythe of venom!
Ouch! That really hurt!
* * * LOW HITPOINT WARNING * * *
Sigmund hits you from afar with a scythe of venom.
* * * LOW HITPOINT WARNING * * *
You bump into the metal wall.
Sigmund misses you.
You feel less confused. Sigmund barely misses you.
You hit Sigmund but do no damage.
Sigmund is severely wounded.
Sigmund hits you with a scythe of venom.
You die...

#.........# #......%....########
#.........####...........##.≈≈≈≈≈
..#.##.......#.........(.#...≈≈≈≈
..#..((......+...........#.......
..#####......# ......#.#.........
.............# ##....#.#.#.......
.............# ##....#.#.#...≈≈≈≈
#............###.....#.#.##.≈≈≈≈≈
+.#####.........@........########
####........###@##.#.....# #
#....###.#....#.#.....# # #....#
#.#..†.#.#......! ####....#
#.#....#...#.#...
........###.#....#...#.#...
............#....#...... ..
............######.... .#
......................


You could see Sigmund.

Vanquished Creatures
  2 adders (D:2)
  3 oozes
  2 dart slugs
  A leopard gecko (D:1)
  A ball python (D:2)
  3 giant cockroaches
  8 hobgoblins
  6 jackals (D:1)
  10 kobolds
  A quokka (D:2)
  5 bats
  2 frilled lizards (D:1)
  4 goblins
  3 rats (D:1)
51 creatures vanquished.

Notes
Turn   | Place    | Note
-------+----------+-------------------------------------------
     0 | D:1      | HessuHobo the Gargoyle Fire Elementalist began the quest for the Orb.
     0 | D:1      | Reached XP level 1. HP: 10/10 MP: 3/3
   117 | D:1      | Reached XP level 2. HP: 15/15 MP: 0/5
   168 | D:1      | Learned a level 2 spell: Throw Flame
   559 | D:1      | Reached XP level 3. HP: 15/20 MP: 0/6
  1383 | D:1      | Reached skill level 1 in Short Blades
  1736 | D:2      | Noticed Sigmund
  1942 | D:2      | Reached XP level 4. HP: 16/24 MP: 1/7
  2415 | D:2      | Slain by Sigmund

Skill      XL: |  1  2  3 |
---------------+----------+-----
Dodging        | 2 |  2.1
Short Blades   | 1 |  1.3
Fighting       | |  0.9
Stealth        | |  2.1
Spellcasting   | |  2.4
Conjurations   | |  1.8
Fire Magic     | |  3.7

Action                   |  1- 3 |  4- 6 || total
-------------------------+-------+-------++-------
Melee: Unarmed           |    42 |       ||    42
       Short sword       |   112 |    35 ||   147
 Cast: Flame Tongue      |    28 |     9 ||    37
       Throw Flame       |    19 |     8 ||    27
  Use: Scroll            |     1 |       ||     1
 Stab: Sleeping          |     2 |       ||     2
  Eat: Chunk             |     1 |     2 ||     3
       Bread ration      |     1 |       ||     1
Armor: Robe              |    80 |    10 ||    90
Dodge: Dodged            |   143 |    27 ||   170
